 Dungeon Crawl Stone Soup version 0.29.0-4-gdea44cf6ec (webtiles) character file.

Game seed: 16996521437698139960

7 qw the Chopper (level 2, 0/17 HPs)
             Began as a Tengu Warper on Aug 28, 2022.
             Slain by a jackal (2 damage)
             ... on level 1 of the Dungeon.
             The game lasted 00:00:00 (142 turns).

qw the Chopper (Tengu Warper)                        Turns: 142, Time: 00:00:00

Health: 0/17       AC:  3    Str: 11    XL:     2   Next: 0%
Magic:  6/6        EV: 11    Int: 13    God:
Gold:   0          SH:  0    Dex: 13    Spells: 5/5 levels left

rFire   . . .      SeeInvis .   a - +0 hand axe
rCold   . . .      Faith    .   (no shield)
rNeg    . . .      Spirit   .   b - +0 leather armour
rPois   .          Reflect  .   (helmet restricted)
rElec   .          Harm     .   (no cloak)
rCorr   .          Rampage  .   (no gloves)
Will    .....                   (boots unavailable)
Stlth   +.........              (no amulet)
HPRegen 0.05/turn               (no ring)
MPRegen 0.10/turn               (no ring)

@: no status effects
A: beak, talons 3
a: no special abilities


You were on level 1 of the Dungeon.
You visited 1 branch of the dungeon, and saw 1 of its levels.


Innate Abilities, Weirdness & Mutations

You have a beak for a mouth.
You have claws for feet.


   Skills:
 - Level 2.0 Fighting
 + Level 2.9 Axes
 - Level 1.0 Throwing
 - Level 1.1 Armour
 - Level 2.1 Dodging
 - Level 2.0 Spellcasting
 - Level 2.4 Translocations


You had 5 spell levels left.
You didn't know any spells.
Your spell library contained the following spells:

 Spells                   Type           Power      Damage    Failure   Level
 Blink                    Tloc           14%        N/A       19%         2
 Gell's Gravitas          Tloc           7%         N/A       36%         3
 Lesser Beckoning         Tloc           7%         N/A       36%         3
 Teleport Other           Tloc           7%         N/A       36%         3
 Manifold Assault         Tloc           7%         N/A       98%         5

Inventory:

Hand Weapons
 a - a +0 hand axe (weapon)
Missiles
 d - 6 boomerangs of dispersal (quivered)
Armour
 b - a +0 leather armour (worn)
Scrolls
 c - a scroll of blinking

Dungeon Overview and Level Annotations

Branches:
Dungeon (1/15)

Altars:


Message History

Your peck misses the jackal.
The jackal is severely wounded.
The jackal bites you. x2
You barely miss the jackal. Your peck misses the jackal.
The jackal is heavily wounded.
The jackal closely misses you.
You completely miss the jackal.
The jackal is heavily wounded.
The jackal barely misses you. x2
You barely miss the jackal. You claw the jackal, but do no damage.
The jackal is heavily wounded.
The jackal bites you but does no damage.
You barely miss the jackal. You claw the jackal, but do no damage.
The jackal is heavily wounded.
The jackal bites you. x2
You hit the jackal. You claw the jackal.
You kill the jackal!
You start resting.
A jackal comes into view.
Throw: 7 boomerangs (disperse)
Press: ? - help, Q - select action Shift-Dir - straight line, f - jackal You throw a boomerang of dispersal.
The boomerang of dispersal barely misses the jackal.
The jackal barks!
The jackal misses you.
You miss the jackal.
The jackal barks!
The jackal barely misses you.
You closely miss the jackal. You hit the endoplasm.
You kill the endoplasm!
The jackal misses you. The jackal bites you. The jackal misses you.
You barely miss the jackal. Your kick misses the jackal. You hit the jackal.
You kill the jackal!
The jackal bites you.
You have reached level 2!
You barely miss the jackal. You claw the jackal. Your peck misses the jackal.
The jackal is moderately wounded.
The jackal bites you but does no damage.
The jackal bites you.
You die...

#.>...# #.....#
###...# #...#
#...# #...#
###.#.# #...#.#
#...h@# #...%##
#..$..r.......h
...............
##.....###......
#..#.## .#....
#.... .##...
##.## # #.. #.
#+


You could see a jackal and a rat.

Vanquished Creatures
  A dart slug (D:1)
  An endoplasm (D:1)
  2 jackals (D:1)
4 creatures vanquished.

Notes
Turn   | Place    | Note
-------+----------+-------------------------------------------
     0 | D:1      | qw the Tengu Warper began the quest for the Orb.
     0 | D:1      | Reached XP level 1. HP: 12/12 MP: 4/4
     0 | D:1      | 0 ||| qw: Version: 0.1-a-89-g26bdef1
     0 | D:1      | 0 ||| qw: Game counter: 1034
     0 | D:1      | 0 ||| qw: Always use a shield: true
     0 | D:1      | 0 ||| qw: God list: Okawaru
     0 | D:1      | 0 ||| qw: Allow faded altars: false
     0 | D:1      | 0 ||| qw: Do Orc after D:15 true
     0 | D:1      | 0 ||| qw: Do second Lair branch before Depths: true
     0 | D:1      | 0 ||| qw: Lair rune preference: random
     0 | D:1      | 0 ||| qw: Plans: Normal
     0 | D:1      | 0 ||| PLANNING D:1-11
    11 | D:1      | 11 ||| Stepping ~*~*~tactically~*~*~ (hiding).
   113 | D:1      | 113 ||| Stepping ~*~*~tactically~*~*~ (hiding).
   119 | D:1      | 119 ||| Stepping ~*~*~tactically~*~*~ (stealth).
   133 | D:1      | HP: 3/12 [jackal (1)]
   140 | D:1      | HP: 2/12 [jackal (1)]
   142 | D:1      | Reached XP level 2. HP: 2/17 MP: 6/6
   142 | D:1      | Slain by a jackal

Levels and vault maps discovered:
D:1:      amcnicky_arrival_blooded_trapdoor, layout_loops_corners,
          skrybe_limestone_x

Action                   || total
-------------------------++-------
Melee: Hand axe          ||    18
       Kick              ||     4
       Peck              ||     1
Throw: Boomerang         ||     1
Armor: Leather armour    ||     8
Dodge: Dodged            ||    12

Table legend:
 A = Non-vault XP
 B = Vault XP
 C = Vault XP percentage of total XP
 D = Non-vault monster count
 E = Vault monster count
 F = Vault count percentage of total count
                 A         B        C        D         E       F
            +---------+---------+-------+---------+---------+-------
      Total |      10 |       0 |   0.0 |       4 |       0 |   0.0
            +---------+---------+-------+---------+---------+-------
        D:1 |      10 |       0 |   0.0 |       4 |       0 |   0.0
            +---------+---------+-------+---------+---------+-------
